 Dungeon Crawl Stone Soup version 0.18-a0-971-g0af6217 (webtiles) character file.

136 4thArraOfDagon the Gusty (level 4, -5/33 HPs)
             Began as a Centaur Air Elementalist on Jan 2, 2016.
             Was an Initiate of Yredelemnul.
             Slain by an ice beast (10 damage)
             ... on level 7 of the Dungeon.
             The game lasted 00:10:40 (1529 turns).

4thArraOfDagon the Gusty (Centaur Air Elementalist) Turns: 1529, Time: 00:10:40

Health: -5/33      AC:  4    Str: 11    XL:     4   Next: 98%
Magic:  4/7        EV:  9    Int: 15    God:    Yredelemnul [......]
Gold:   115        SH:  0    Dex:  9    Spells: 3 memorised, 2 levels left

rFire  . . .     SeeInvis .     g - +0 short sword
rCold  . . .     Gourm    .     a - +0 robe
rNeg   . . .     Faith    .     (no shield)
rPois  .         Spirit   .     (no helmet)
rElec  .         Dismiss  .     (no cloak)
rCorr  .         Reflect  .     (no gloves)
SustAt .         Harm     .     (no barding)
MR     .....                    (no amulet)
Stlth  +.........               (no ring)
                                (no ring)

@: repel missiles, very quick, not resistant to hostile enchantments, very
unstealthy
A: hooves 3, deformed body, speed 2, tough skin 3
a: Renounce Religion


You were on level 7 of the Dungeon.
You worshipped Yredelemnul.
Yredelemnul was noncommittal.
You were not hungry.

You visited 2 branches of the dungeon, and saw 8 of its levels.

You collected 115 gold pieces.

Inventory:

Hand Weapons
 g - a +0 short sword (weapon)
 j - a +0 spear
Armour
 a - a +0 robe (worn)
Wands
 e - a wand of slowing (26/48)
Scrolls
 d - 4 scrolls of noise {unknown}
 k - a scroll of teleportation {unknown}
 p - a scroll of remove curse
Potions
 h - a potion of resistance {unknown}
 i - a potion of curing
 n - a potion of cure mutation
Books
 b - a book of Air

   Spells                             Type                      Level
   a - Shock                          Conjuration/Air              1
   b - Swiftness                      Charms/Air                   2
   c - Repel Missiles                 Charms/Air                   2
   d - Static Discharge               Conjuration/Air              3
   e - Lightning Bolt                 Conjuration/Air              5
 r - a book of the Tempests

   Spells                             Type                      Level
   a - Static Discharge               Conjuration/Air              3
   b - Lightning Bolt                 Conjuration/Air              5
   c - Fireball                       Conjuration/Fire             5
   d - Tornado                        Air                          9
   e - Shatter                        Earth                        9
Comestibles
 c - 2 bread rations
 f - 3 chunks of flesh
 l - 2 meat rations


   Skills:
 - Level 1.3 Dodging
 - Level 1.2 Stealth
 - Level 2.0 Spellcasting
 - Level 2.7 Conjurations
 - Level 4.0 Air Magic
 * Level 0.2 Invocations


You had 2 spell levels left.
You knew the following spells:

 Your Spells              Type           Power        Failure   Level  Hunger
a - Shock                 Conj/Air       ##..         8%          1    #......
b - Repel Missiles        Chrm/Air       #.....       14%         2    ###....
c - Swiftness             Chrm/Air       #.......     14%         2    ###....


Dungeon Overview and Level Annotations

Branches:
Dungeon (7/15)             Temple (1/1) D:7

Altars:
Ashenzari
Dithmenos
Gozag
Kikubaaqudgha
Nemelex Xobeh
Pakellas
Qazlal
Ru
Vehumet
Xom
Yredelemnul
Zin
The Shining One

Shops:
D:6 (

Annotations:
D:3 Pikaro's ghost, amateur OpFi
D:4 Dowan


Innate Abilities, Weirdness & Mutations

You have hooves in place of feet.
Armour fits poorly on your strangely shaped body.
You cover ground very quickly.
You have extremely tough skin (AC +3).


Message History

The ogre barely misses you.
Casting: Shock
Confirm with . or Enter, or press ? or * to list all spells.
Aiming: Shock
Press: ? - help, Shift-Dir - straight line The zap hits the ogre.
The ogre is almost dead.
The zap hits the ogre.
The ogre is almost dead.
An ice beast comes into view.
Unknown command.
The ice beast hits you. The ice beast freezes you!
* * * LOW HITPOINT WARNING * * *
Unknown command.
Unknown command.
The ice beast hits you.
* * * LOW HITPOINT WARNING * * *
The ice beast freezes you!
You die...
Your body rises from the dead as a mindless zombie.

######## #......#
#......# #......#
*#########.....Y###
###.............@.O.#####
..............#####.....#
.............##########.#
........................#
............#####..######
..........<.######..#
............##...O..#
............##......#
............##.ยงยง...#


You could see an ice beast and an ogre.

Vanquished Creatures
  A hound (D:6)
  A worker ant (D:7)
  A gnoll (D:1)
  2 adders
  2 shadow imps
  2 oozes
  An adder skeleton (D:5)
  4 giant geckos
  2 orcs
  A ball python (D:1)
  A giant cockroach (D:4)
  4 goblins (D:1)
  A quokka (D:5)
  2 bats (D:1)
  2 giant newts
  A kobold (D:1)
  A quokka skeleton (D:5)
  2 rats (D:1)
31 creatures vanquished.

Notes
Turn   | Place    | Note
--------------------------------------------------------------
     0 | D:1      | 4thArraOfDagon the Centaur Air Elementalist began the quest for the Orb.
     0 | D:1      | Reached XP level 1. HP: 14/14 MP: 3/3
    33 | D:1      | Reached skill level 1 in Conjurations
   144 | D:1      | Reached skill level 3 in Air Magic
   144 | D:1      | Reached XP level 2. HP: 14/20 MP: 0/4
   332 | D:2      | Learned a level 2 spell: Repel Missiles
   347 | D:2      | Reached XP level 3. HP: 13/26 MP: 1/5
   436 | D:3      | Learned a level 2 spell: Swiftness
   467 | D:3      | Noticed Pikaro's ghost (amateur OpFi)
   557 | D:4      | Found a sparkling altar of Nemelex Xobeh.
   675 | D:4      | Gained mutation: You are frail (-10% HP). [potion of mutation]
   675 | D:4      | Gained mutation: You tend to lose your temper in combat. [potion of mutation]
   675 | D:4      | Gained mutation: Your muscles are strong. (Str +2) [potion of mutation]
   684 | D:4      | Noticed Dowan
   689 | D:4      | Lost mutation: You tend to lose your temper in combat. [potion of cure mutation]
   689 | D:4      | Lost mutation: You are frail (-10% HP). [potion of cure mutation]
   689 | D:4      | Lost mutation: Your muscles are strong. (Str +2) [potion of cure mutation]
   703 | D:5      | Entered Level 5 of the Dungeon
   926 | D:6      | Found Eson's Weapon Shoppe.
   955 | D:6      | Reached XP level 4. HP: 27/33 MP: 5/7
  1147 | D:7      | Noticed a sky beast
  1154 | D:7      | uhh
  1274 | D:7      | Found a staircase to the Ecumenical Temple.
  1279 | Temple   | Entered the Ecumenical Temple
  1345 | Temple   | Became a worshipper of Yredelemnul the Dark
  1466 | D:7      | Reached skill level 4 in Air Magic
  1488 | D:7      | Noticed an ogre
  1526 | D:7      | Noticed an ice beast
  1529 | D:7      | Slain by an ice beast

Vault maps used:
D:1:      saegor_arrival_miasma
D:3:      st_stairs_12
D:4:      cheibriados_altar_1, first_bread, nemelex_spade_bored_becter,
          uniq_grinder, uniq_duvessa
D:5:      serial_undead, serial_undead_f, serial_undead_e, serial_undead_b,
          serial_undead_b, serial_bayou_pond_e, minmay_misc_feat_plants,
          uniq_menkaure, uniq_edmund
D:6:      elyvilon_altar_5, serial_shops, shop_statue, shop,
          kennysheep_little_box, basic_altar
D:7:      minmay_temple_entry_purple_smoke, grunt_ogre_cave,
          minmay_stone_trees_small, okawaru_metal_pillars_1_2
Temple:   minmay_crystal_snake_temple_18

Action                   |  1- 3 |  4- 6 || total
-------------------------+-------+-------++-------
Melee: Club              |     5 |       ||     5
       Short sword       |    43 |    26 ||    69
 Cast: Shock             |    32 |    17 ||    49
       Repel Missiles    |     1 |       ||     1
Evoke: Wand              |       |     2 ||     2
  Use: Scroll            |     5 |     2 ||     7
       Potion            |     4 |       ||     4
  Eat: Pizza             |       |     1 ||     1
       Chunk             |       |     1 ||     1
